 Dungeon Crawl Stone Soup version 0.31-a0-1338-gb567cfdca4 (webtiles) character file.

Game seed: 1886411983844873434

5201 Curundu the Cruncher (level 10, 0/80 (90) HPs)
             Began as a Minotaur Berserker on Dec 22, 2023.
             Was an Elder of Trog.
             Slain by Erica
             ... wielding a +3 scimitar of flaming
              (9 damage)
             ... on level 8 of the Dungeon.
             The game lasted 00:31:16 (7586 turns).

Curundu the Cruncher (Minotaur Berserker)           Turns: 7586, Time: 00:31:17

HP:   0/80 (90)     AC: 15    Str: 31    XL:     10   Next: 34%
MP:   0/9           EV:  8    Int:  2    God:    Trog [****..]
Gold: 423           SH:  0    Dex: 12    Spells: 9/9 levels left

rFire   . . .        n - +4 dagger "Litec" {heavy, +Blink Int-4 Dex+3}
rCold   . . .        l - orb {mayhem}
rNeg    . . .        b - +1 chain mail
rPois   .            (helmet restricted)
rElec   .            v - +0 cloak
rCorr   .            i - +0 pair of gloves
SInv    .            (no boots)
Will    .....        j - amulet of guardian spirit Stlth
                     z - +4 ring of slaying
HPRegen 0.33/turn    p - +6 ring of strength
MPRegen 0.11/turn

%: mayhem, guardian spirit
@: slowed, constricted, heavily drained, very slow
A: horns 2, retaliatory headbutt
a: Renounce Religion, Evoke Blink, Berserk, Trog's Hand, Brothers in Arms


You were on level 8 of the Dungeon.
You worshipped Trog.
Trog was greatly pleased with you.
You visited 1 branch of the dungeon, and saw 8 of its levels.

You collected 423 gold pieces.

Inventory:

Hand Weapons
 n - the +4 dagger "Litec" (weapon) {heavy, +Blink Int-4 Dex+3}
   (You found it on level 4 of the Dungeon)

   Int-4:     It affects your intelligence (-4).
   Dex+3:     It affects your dexterity (+3).
   +Blink:    It lets you blink.
 G - a +5 short sword
Missiles
 m - 11 boomerangs
 r - 7 poisoned darts
 w - 4 javelins
Armour
 b - a +1 chain mail (worn)
 i - a +0 pair of gloves (worn)
 l - an orb of mayhem (worn)
 v - a +0 cloak (worn)
Jewellery
 f - a ring of magical power
 j - an amulet of guardian spirit (around neck)
 k - a ring of poison resistance
 p - a +6 ring of strength (right hand)
 u - a +4 ring of protection
 z - a +4 ring of slaying (left hand)
 C - a ring of willpower
 K - a ring of fire
Wands
 h - a wand of mindburst (18) (quivered)
 q - a wand of iceblast (12)
 y - a wand of flame (25)
 J - a wand of quicksilver (9)
Scrolls
 a - a scroll of torment {unknown}
 d - a scroll of immolation {unknown}
 e - 4 scrolls of fear
 g - a scroll of revelation {unknown}
 o - a scroll of poison
 s - a scroll of brand weapon
 t - a scroll of vulnerability
 E - a scroll of noise {unknown}
 H - a scroll of fog {unknown}
 L - a scroll of enchant weapon {unknown}
 M - a scroll of teleportation {unknown}
Potions
 c - 4 potions of curing {unknown}
 x - a potion of might {unknown}
 A - 2 potions of lignification {unknown}
 B - a potion of attraction {unknown}
 D - a potion of degeneration {unknown}
 F - a potion of ambrosia {unknown}
 I - a potion of berserk rage {unknown}


   Skills:
 + Level 8.4 Fighting
 + Level 5.1 Short Blades
 + Level 7.1(9.2) Polearms
 + Level 9.0(10.1) Staves
 + Level 3.3 Throwing
 + Level 9.0 Armour
 + Level 4.6 Dodging
 + Level 2.4 Stealth
 + Level 0.3 Evocations


You had 9 spell levels left.
You didn't know any spells.
Your spell library contained the following spells:

 Spells                   Type           Power      Damage    Failure   Level
 Sting                    Conj/Alch      0%         1d3       91%         1
 Summon Small Mammal      Summ           0%         N/A       91%         1
 Mercury Vapours          Alch/Air       0%         N/A       97%         2
 Static Discharge         Conj/Air       0%         3-3/arc   97%         2
 Call Canine Familiar     Summ           0%         N/A       99%         3
 Summon Guardian Golem    Hex/Summ       0%         N/A       99%         3
 Airstrike                Air            0%         2d(0-16)  100%        4
 Olgreb's Toxic Radiance  Alch           0%         N/A       100%        4
 Summon Lightning Spire   Summ/Air       0%         N/A       100%        4


Dungeon Overview and Level Annotations

Branches:
Dungeon (8/15)             Temple (0/1) D:7
   Lair: D:8-11

Altars:
Kikubaaqudgha
Ru
Uskayaw
Vehumet
Wu Jian

Shops:
D:7 [

Annotations:
D:8 Erica


Innate Abilities, Weirdness & Mutations

You have a pair of horns on your head.
You reflexively headbutt those who attack you in melee.


Message History

The steam dragon barely misses you. You furiously retaliate!
You headbutt the steam dragon.
The steam dragon claws you but does no damage.
You hit the steam dragon. You headbutt the steam dragon!
You kill the steam dragon!
Trog accepts your kill.
Your Armour skill increases to level 9!
Magic restored.
You see here a +0 rapier of draining.
L - a scroll labelled XIABEGH VUEQO
There is an open door here.
There is an open door here.
M - a scroll labelled XUITRIXKIMURA You open the door.
Erica and an orc come into view.
Erica is wielding a +3 scimitar of flaming.
Erica shouts!
Erica stares at you and mumbles some strange words.
You feel yourself slow down.
You hit the orc. You headbutt the orc.
You kill the orc!
Trog accepts your kill.
Erica flies into a frenzy!
Erica closely misses you. Erica grabs you. Erica constricts you.
You puncture Erica!
Erica is moderately wounded.
Erica hits you with a +3 scimitar of flaming!
Erica burns you. Erica constricts you.
Erica hits you with a +3 scimitar of flaming!!
Erica burns you. Erica constricts you.
You hit Erica.
Erica is moderately wounded.
Erica hits you with a +3 scimitar of flaming!!
* * * LOW HITPOINT WARNING * * *
Erica burns you.
* * * LOW HITPOINT WARNING * * *
Erica constricts you.
* * * LOW HITPOINT WARNING * * *
Erica hits you with a +3 scimitar of flaming!
You die...

+.........+
......... .......
..... ... #'# #.#
#x# ##@## ##...#
### #....# #_#
##...# #.#
##.####.###
#.####.##≈...≈#
#.......#≈...≈#
######.##≈...≈#
########.##≈...≈#


You could see the neutral Erica (fast, strong, frenzied).

Vanquished Creatures
  Pikel (D:6)
  Joseph (D:7)
  Maggie (D:6)
  Jeremiah (D:8)
  Grinder (D:4)
  5 yaks (D:6)
  2 steam dragons
  Menkaure (D:4)
  2 sky beasts (D:6)
  2 water moccasins (D:7)
  An ice beast (D:7)
  A black bear (D:5)
  3 ogres
  2 centaurs
  A bullfrog (D:8)
  Blork the orc (D:4)
  6 scorpions
  7 wights (D:7)
  Crazy Yiuf (D:4)
  2 jellies (D:5)
  2 orc priests
  2 hounds (D:5)
  2 iguanas (D:6)
  2 sleepcaps
  Ijyb (D:4)
  An orc wizard (D:6)
  4 gnolls (D:5)
  10 adders
  2 bombardier beetles
  4 ufetubi
  5 worms
  5 dart slugs
  25 orcs
  6 ball pythons
  2 bat zombies (D:8)
  6 endoplasms
  6 giant cockroaches
  6 hobgoblins
  3 jackals
  4 kobolds
  3 quokkas
  6 bats
  4 frilled lizards
  6 goblins
  5 rats
  A rat zombie (D:8)
165 creatures vanquished.

Vanquished Creatures (others)
  Maurice (D:7)
1 creature vanquished.

Grand Total: 166 creatures vanquished

Notes
Turn   | Place    | Note
-------+----------+-------------------------------------------
     0 | D:1      | Curundu the Minotaur Berserker began the quest for the Orb.
     0 | D:1      | Reached XP level 1. HP: 19/19 MP: 0/0
   124 | D:1      | Reached XP level 2. HP: 25/27 MP: 1/1
   539 | D:1      | Reached XP level 3. HP: 21/33 MP: 2/2
   839 | D:2      | Reached ** piety under Trog
  1000 | D:2      | Reached XP level 4. HP: 38/41 MP: 3/3
  1090 | D:2      | Reached skill level 5 in Polearms
  2479 | D:4      | Identified the +4 dagger "Litec" {heavy, +Blink Int-4
                  | Dex+3}
  2487 | D:4      | Noticed Grinder
  2491 | D:4      | Noticed an ogre
  2491 | D:4      | Paralysed by Grinder for 2 turns
  2505 | D:4      | Killed an ogre
  2506 | D:4      | Reached XP level 5. HP: 34/47 MP: 4/4
  2528 | D:4      | Reached XP level 6. HP: 29/55 MP: 5/5
  2528 | D:4      | Noticed Menkaure
  2535 | D:4      | Killed Grinder
  2536 | D:4      | Reached skill level 5 in Fighting
  2536 | D:4      | Reached skill level 5 in Armour
  2544 | D:4      | Killed Menkaure
  2545 | D:4      | Reached skill level 1 in Stealth
  2545 | D:4      | Reached XP level 7. HP: 19/61 MP: 2/6
  2560 | D:4      | Reached *** piety under Trog
  2809 | D:4      | Noticed Ijyb
  2827 | D:4      | Killed Ijyb
  2996 | D:4      | Noticed Blork the orc
  3018 | D:4      | Killed Blork the orc
  3245 | D:4      | Found a runed translucent door.
  3246 | D:4      | Noticed Crazy Yiuf
  3260 | D:4      | Killed Crazy Yiuf
  3428 | D:5      | Entered Level 5 of the Dungeon
  3779 | D:5      | Reached skill level 1 in Staves
  3928 | D:5      | Found a sacrificial altar of Ru.
  3929 | D:5      | Found a hide-covered altar of Uskayaw.
  4540 | D:5      | Reached XP level 8. HP: 67/70 MP: 7/7
  4542 | D:5      | Reached skill level 1 in Short Blades
  4738 | D:6      | Reached skill level 1 in Throwing
  4816 | D:6      | Reached skill level 5 in Staves
  4826 | D:6      | Reached **** piety under Trog
  4827 | D:6      | Reached XP level 9. HP: 37/79 MP: 4/8
  5097 | D:6      | Noticed Maggie
  5107 | D:6      | Killed Maggie
  5243 | D:6      | Noticed Pikel
  5254 | D:6      | Killed Pikel
  5639 | D:7      | Noticed Joseph
  5674 | D:7      | Killed Joseph
  5675 | D:7      | Reached XP level 10. HP: 14/88 MP: 2/9
  5911 | D:7      | Found a staircase to the Ecumenical Temple.
  5925 | D:7      | Noticed Maurice
  5954 | D:7      | Killed Maurice
  6103 | D:7      | Found a radiant altar of Vehumet.
  6427 | D:7      | Found an ornate altar of the Wu Jian Council.
  6766 | D:7      | Found Reuts's Antique Armour Boutique.
  6990 | D:8      | Noticed Jeremiah
  7021 | D:8      | HP: 3/69 [Jeremiah/+4 trident of draining (1)]
  7024 | D:8      | Killed Jeremiah
  7025 | D:8      | Reached skill level 5 in Short Blades
  7378 | D:8      | Found an ancient bone altar of Kikubaaqudgha.
  7577 | D:8      | Noticed Erica
  7586 | D:8      | Slain by Erica

Illustrated notes

Levels and vault maps discovered:
D:1:      lightli_arrival_quake, layout_rooms, chequers_arboretum
D:2:      layout_basic
D:3:      layout_basic, kennysheep_generic_room_13
D:4:      layout_gridville, minmay_misc_feat_ornament, uniq_menkaure,
          uniq_blork_the_orc, uniq_crazy_yiuf_cottage, uniq_grinder, uniq_ijyb
D:5:      layout_basic, gammafunk_temple_overflow_statue, serial_corexii_hall,
          corexii_hall_statues_l, corexii_hall_statues_u,
          chequers_hall_statues_wall_a, corexii_hall_statues_deadend,
          hangedman_decor_growths, nicolae_twisty_statue_hallways
D:6:      layout_rooms, feat_on_display, uniq_pikel, uniq_maggie
D:7:      layout_loops_cross, mainiacjoe_overflow_cross_hatched,
          nicolae_wu_jian_wuxing_cycle, minmay_temple_entry_crystal_x,
          serial_shops, nicolae_shop_peninsula, kennysheep_generic_room_15,
          uniq_maurice, uniq_joseph
D:8:      wad_river_or_something, layout_loops_corners,
          lemuel_zombie_altar_kikubaaqudgha, uniq_erica, uniq_jeremiah,
          uniq_amaemon, uniq_psyche

Skill      XL: |  1  2  3  4  5  6  7  8  9 10 |
---------------+-------------------------------+-----
Polearms       | 4 5 6 7 |  7.1
Fighting       | 4 5 7 8 |  8.4
Armour         | 3 4 5 6 7 8 9 |  9.0
Dodging        | 3 4 |  4.6
Stealth        | 1 2 |  2.4
Staves         | 2 6 8 9 |  9.0
Short Blades   | 1 3 5 |  5.1
Throwing       | 2 3 |  3.3
Evocations     | |  0.3

Action                     |  1- 3 |  4- 6 |  7- 9 | 10-12 || total
---------------------------+-------+-------+-------+-------++-------
  Melee: Spear             |    84 |   126 |     3 |       ||   213
         Headbutt          |    11 |    21 |    45 |    19 ||    96
         Punch             |     2 |     2 |       |     1 ||     5
         Quarterstaff      |       |       |   104 |       ||   104
         Dagger            |       |       |    95 |    83 ||   178
         Short sword       |       |       |    29 |       ||    29
  Throw: Dart              |       |       |     3 |       ||     3
         Boomerang         |       |       |    18 |       ||    18
 Invoke: Trog's Hand       |       |       |     1 |       ||     1
Ability: Evoke Blink       |       |       |       |     2 ||     2
  Evoke: Wand              |       |       |       |     4 ||     4
    Use: Potion            |       |     1 |     1 |       ||     2
         Scroll            |       |       |       |     5 ||     5
   Stab: Confused          |       |       |     1 |       ||     1
 Armour: Animal skin       |    44 |       |       |       ||    44
         Ring mail         |     9 |     2 |       |       ||    11
         Scale mail        |     1 |    11 |       |       ||    12
         Chain mail        |       |    50 |   190 |   101 ||   341
  Dodge: Dodged            |    50 |    36 |   100 |    44 ||   230

Table legend: (Time is in decaauts)
 A = Elapsed time spent in this place.
 B = Non-inter-level travel time spent in this place.
 C = Inter-level travel time spent in this place.
 D = Time resting spent in this place.
 E = Time spent auto-exploring this place.
 F = Levels seen in this place.
 G = Mean time per level.
                   A        B        C        D        E       F      G
               +--------+--------+--------+--------+--------+-----+--------+
         Total |   7595 |   7578 |     17 |    654 |   4954 |   8 |  949.4 |
       Dungeon |   7595 |   7578 |     17 |    654 |   4954 |   8 |  949.4 |
               +--------+--------+--------+--------+--------+-----+--------+

Top non-repeatable levels by time:
     D:7: 1526 daAuts
     D:5: 1193 daAuts
     D:4: 986 daAuts
     D:3: 907 daAuts
     D:6: 879 daAuts
     D:2: 765 daAuts
     D:1: 734 daAuts
     D:8: 602 daAuts
